 Dungeon Crawl Stone Soup version 0.27.1-4-g1640c2035a (webtiles) character file.

Game seed: 14529053270422272868

92475 pkoi the Timeless (level 15, -3/139 HPs)
             Began as a Pale Draconian Monk on Oct 27, 2021.
             Was a High Priest of Cheibriados.
             Killed from afar by a will-o-the-wisp (6 damage)
             ... with a foxfire
             ... on level 3 of the Swamp on Nov 1, 2021.
             The game lasted 01:04:27 (27709 turns).

pkoi the Timeless (Pale Draconian Monk)            Turns: 27709, Time: 01:04:27

Health: -3/139     AC: 15    Str: 36    XL:     15   Next: 58%
Magic:  0/26       EV: 25    Int: 31    God:    Cheibriados [*****.]
Gold:   1713       SH:  0    Dex: 27    Spells: 14/20 levels left

rFire    + . .     SeeInvis .     - Unarmed
rCold    + + .     Faith    .   (no shield)
rNeg     . . .     Spirit   +   (armour unavailable)
rPois    .         Reflect  .   A - +2 hat
rElec    .         Harm     .   x - scarf {rC+ rF+}
rCorr    .         Rampage  .   B - +2 pair of gloves
Will     ++...                  k - +0 pair of boots
Stlth    +++.......             c - amulet of guardian spirit
HPRegen  0.33/turn              w - ring of Cafuogux {rC+ Will+ Str+6 Int+2}
MPRegen  0.20/turn              b - ring of flight

@: lethally poisoned (-3 -> -10), flying, very slow
A: breathe steam, AC +9, unfitting armour, cold-blooded, steam resistance
a: Breathe Steam, Renounce Religion, Bend Time, Temporal Distortion, Slouch,
Step From Time


You were on level 3 of the Swamp.
You worshipped Cheibriados.
Cheibriados was extremely pleased with you.
You visited 4 branches of the dungeon, and saw 22 of its levels.
You also visited: Ice Cave.

You collected 1713 gold pieces.

Inventory:

Hand Weapons
 g - a +1 dagger of draining
Missiles
 r - 97 poisoned darts
 E - 15 boomerangs
 F - 3 javelins
 L - 5 curare-tipped darts
Armour
 k - a +0 pair of boots (worn)
 x - a scarf of resistance (worn)
 A - a +2 hat (worn)
 B - a +2 pair of gloves (worn)
Jewellery
 b - a ring of flight (right hand)
 c - an amulet of guardian spirit (around neck)
 d - a +6 ring of dexterity
 t - a ring of resist corrosion
 w - the ring of Cafuogux (left hand) {rC+ Will+ Str+6 Int+2}
   (You found it on level 6 of the Dungeon)

   [ring of strength]

   Str:       It affects your strength (+6).
   Int:       It affects your intelligence (+2).
   rC:        It protects you from cold.
   Will:      It increases your willpower.
 D - a ring of protection from cold
 R - the amulet "Bietid" {RegenMP *Corrode rN+ Dex+7}
   (You found it on level 10 of the Dungeon)

   [amulet of magic regeneration]

   It increases your rate of magic regeneration.
   Dex:       It affects your dexterity (+7).
   rN:        It protects you from negative energy.
   *Corrode:  It may corrode you when you take damage.
Wands
 h - a wand of polymorph (20)
 j - a wand of paralysis (20)
 p - a wand of iceblast (38)
 v - a wand of flame (83) (quivered)
 y - a wand of mindburst (26)
 C - a wand of charming (21)
 H - a wand of digging (9)
 J - a wand of acid (8)
Scrolls
 e - 14 scrolls of identify
 i - 2 scrolls of holy word
 l - a scroll of blinking
 m - 3 scrolls of amnesia
 o - 3 scrolls of enchant weapon
 s - 5 scrolls of fog
 z - 9 scrolls of teleportation
 G - 2 scrolls of summoning
 M - 2 scrolls of silence
 N - a scroll of enchant armour
 O - a scroll of fear
 P - a scroll of brand weapon
 U - a scroll of magic mapping
Potions
 a - 2 potions of brilliance
 f - 11 potions of curing
 n - 2 potions of flight
 q - 2 potions of magic
 u - 2 potions of cancellation
 K - 5 potions of might
 Q - a potion of degeneration {unknown}
 S - a potion of resistance {unknown}
 T - a potion of ambrosia
Miscellaneous
 I - a phantom mirror


   Skills:
 - Level 14.6 Fighting
 - Level 2.0 Throwing
 + Level 12.8 Dodging
 - Level 2.0 Stealth
 + Level 15.2 Unarmed Combat
 - Level 3.3 Spellcasting
 - Level 5.0 Necromancy
 - Level 1.5 Translocations
 + Level 15.6 Invocations
 + Level 3.2 Evocations


You had 14 spell levels left.
You knew the following spells:

 Your Spells              Type           Power      Damage    Failure   Level
a - Animate Skeleton      Necr           72%        N/A       1%          1
b - Animate Dead          Necr           18%        N/A       8%          4
c - Apportation           Tloc           28%        N/A       3%          1

Your spell library contained the following spells:

 Spells                   Type           Power      Damage    Failure   Level
 Pain                     Necr           100%       1d9       1%          1
 Vampiric Draining        Necr           18%        2d8       2%          3
 Corpse Rot               Necr/Air       N/A        N/A       3%          2
 Corona                   Hex            5%         N/A       6%          1
 Summon Small Mammal      Summ           20%        N/A       6%          1
 Dispel Undead            Necr           36%        3d15      8%          4
 Slow                     Hex            5%         N/A       10%         2
 Static Discharge         Conj/Air       5%         N/A       10%         2
 Dazzling Flash           Conj/Hex       10%        N/A       19%         3
 Mephitic Cloud           Conj/Pois/Air  5%         N/A       19%         3
 Agony                    Necr           36%        N/A       22%         5
 Iskenderun's Mystic Bla  Conj/Tloc      9%         2d4       43%         4
 Hailstorm                Conj/Ice       5%         3d4       54%         4
 Ice Form                 Ice/Tmut       5%         N/A       54%         4
 Leda's Liquefaction      Hex/Erth       2%         N/A       54%         4
 Borgnjor's Vile Clutch   Necr/Erth      10%        N/A       54%         5
 Death Channel            Necr           18%        N/A       77%         6
 Lightning Bolt           Conj/Air       2%         1d14      87%         5
 Silence                  Hex/Air        2%         N/A       87%         5
 Simulacrum               Ice/Necr       10%        N/A       98%         6
 Starburst                Conj/Fire      2%         6d3       100%        6
 Maxwell's Capacitive Co  Air            2%         ∞         100%        8


Dungeon Overview and Level Annotations

Branches:
Dungeon (12/15)            Temple (1/1) D:4            Lair (6/6) D:8
  Swamp (3/4) Lair:3       Spider (0/4) Lair:4        Slime (0/5) Lair:6
    Orc (0/2) D:10          IceCv (visited)

Altars:
Ashenzari
Cheibriados
Dithmenos
Elyvilon
Fedhas
Gozag
Hepliaklqana
Kikubaaqudgha
Makhleb
Nemelex Xobeh
Okawaru
Qazlal
Ru
Sif Muna
Trog
Uskayaw
Vehumet
Wu Jian
Xom
Yredelemnul
Zin
The Shining One
Jiyva

Shops:
D:1 *   D:5 **

Annotations:
D:7 3 runed translucent doors, onlghost's ghost, novice GnFi
Swamp:1 3 runed translucent doors, azzazzello's ghost, adept GnWn


Innate Abilities, Weirdness & Mutations

You can breathe blasts of scalding, opaque steam.
Your pale cyan-grey scales are hard. (AC +9)
You cannot fit into any form of body armour.
You are cold-blooded and may be slowed by cold attacks.
You are immune to the effects of steam.


Message History

The foxfire hits you! You resist.
* * * LOW HITPOINT WARNING * * *
The will-o-the-wisp gestures.
The will-o-the-wisp conjures some foxfire!
The swamp dragon barely misses you.
The swamp dragon completely misses you. x2 2 foxfires come into view.
Unknown command.
You hit the swamp dragon.
Your tail-slap misses the swamp dragon.
The swamp dragon is almost dead.
You are engulfed in poison gas.
You are more poisoned.
* * * LOW HITPOINT WARNING * * *
x2 You feel extremely sick.
A bloated husk comes into view.
Unknown command.
You can feel time thicken for a moment.
You kill the swamp dragon!
Cheibriados thoroughly appreciates the change of pace.
The swamp dragon scales are intact enough to wear.
Cheibriados thoroughly appreciates the change of pace.
Cheibriados lowers the support of your attributes as your movement quickens.
The bloated husk explodes!
You are engulfed in poison gas.
You are more poisoned.
* * * LOW HITPOINT WARNING * * *
x2 You feel extremely sick.
The will-o-the-wisp gestures.
The will-o-the-wisp conjures some foxfire!
The bunyip claws you!
* * * LOW HITPOINT WARNING * * *
The bunyip completely misses you.
The bunyip barely misses you. 2 foxfires come into view.
Unknown command.
You feel better.
You are engulfed in poison gas.
You are poisoned.
* * * LOW HITPOINT WARNING * * *
x2 You feel sick.
The foxfire hits you. You resist.
* * * LOW HITPOINT WARNING * * *
The foxfire hits you. You resist.
You die...

.. ♣.....≈
≈.♣♣.≈≈≈..
≈≈≈...≈≈≈.
≈≈≈..≈≈≈≈.
≈≈≈≈.≈≈§.♣
x≈≈≈≈≈≈≈.♣
....)≈≈≈.♣♣♣
v..≈.§≈§x☼○♣
≈≈..§≈v°v@°♣
≈≈≈.§§§≈○○.♣
.≈≈...≈♣...♣
♣.≈.≈♣♣♣♣≈≈≈♣
..≈≈♣ ♣♣.≈♣
>/.♣ ♣♣♣♣ ...
≈


You could see a bunyip and a will-o-the-wisp.

Vanquished Creatures
  A fenstrider witch (Swamp:3)
  4 thorn hunters
  2 slime creatures (D:12)
  4 eleionomae
  2 bunyips
  Erica (Lair:2)
  4 hydras
  2 ironbound frosthearts (IceCv)
  4 alligators
  2 two-headed ogres (D:12)
  10 death yaks
  3 catoblepae (Lair:6)
  4 spriggans
  Sonja (Lair:5)
  A spriggan druid (Swamp:2)
  4 goliath frogs
  3 bog bodies
  2 swamp dragons
  An oklob plant (Lair:4)
  4 manticores
  3 will-o-the-wisps
  An ugly thing (D:11)
  Maurice (D:9)
  An ice statue (IceCv)
  9 elephants
  Joseph (D:9)
  5 black mambas
  A torpor snail (Lair:6)
  Maggie (D:9)
  9 cane toads
  3 rime drakes
  9 komodo dragons
  A kobold demonologist (D:10)
  3 trolls
  6 jumping spiders (Lair:4)
  A bloated husk (Swamp:3)
  12 polar bears
  3 tyrant leeches
  Prince Ribbit (D:7)
  4 hornets
  6 dream sheep (Lair:5)
  41 blink frogs
  Sigmund (D:4)
  2 redbacks (Lair:4)
  A shadow (D:10)
  A tarantella (shapeshifter) (D:11)
  75 yaks
  7 wyverns
  Grum (D:9)
  4 basilisks
  A steam dragon (D:7)
  Menkaure (D:7)
  A warg (D:10)
  3 vampire mosquitoes (Swamp:1)
  9 swamp worms
  An acid dragon (D:9)
  14 water moccasins
  11 orc warriors
  A sky beast (D:7)
  2 ice beasts
  7 necrophages
  22 wolves
  16 centaurs
  3 kobold brigands
  A scorpion (D:5)
  13 bullfrogs
  A wyvern zombie (D:7)
  10 killer bees
  4 howler monkeys
  5 wights
  5 electric eels
  3 centaur zombies
  8 hounds
  3 centaur skeletons (D:7)
  4 orc priests
  A gnoll shaman (D:6)
  A bullfrog skeleton (D:7)
  5 iguanas
  6 orc wizards
  5 gnolls (D:6)
  8 adders
  A white imp (D:7)
  A worm (D:3)
  3 dart slugs
  35 orcs
  3 ball pythons
  7 endoplasms
  4 giant cockroaches
  4 goblins
  3 hobgoblins
  4 jackals (D:2)
  14 kobolds
  6 quokkas
  4 bats
  2 frilled lizards
  2 rats
  3 briar patches (Swamp:2)
  2 foxfires (Swamp:3)
546 creatures vanquished.

Vanquished Creatures (collateral kills)
  A black mamba (Lair:5)
  A kobold (D:10)
2 creatures vanquished.

Vanquished Creatures (others)
  An alligator (Swamp:3)
  A will-o-the-wisp (Swamp:3)
  4 bloated husks (Swamp:3)
  A yak (IceCv)
  2 wolves (IceCv)
  14 foxfires
  29 fungi
  66 plants
  A withered plant (D:11)
119 creatures vanquished.

Grand Total: 667 creatures vanquished

Notes
Turn   | Place    | Note
-------+----------+-------------------------------------------
     0 | D:1      | pkoi the Draconian Monk began the quest for the Orb.
     0 | D:1      | Reached XP level 1. HP: 19/19 MP: 1/1
   203 | D:1      | Found Otewunuf's Assorted Antiques.
   356 | D:1      | Reached XP level 2. HP: 22/26 MP: 2/2
  1306 | D:2      | Reached XP level 3. HP: 26/31 MP: 3/3
  1871 | D:2      | Found a faded altar of an unknown god.
  2277 | D:3      | Reached XP level 4. HP: 17/38 MP: 1/4
  2616 | D:3      | Reached skill level 5 in Unarmed Combat
  3057 | D:4      | Found a staircase to the Ecumenical Temple.
  3081 | Temple   | Entered the Ecumenical Temple
  3157 | Temple   | Became a worshipper of Cheibriados the Contemplative
  3157 | Temple   | Reached * piety under Cheibriados
  3157 | Temple   | Reached ** piety under Cheibriados
  3282 | D:4      | Reached skill level 1 in Invocations
  3486 | D:4      | Noticed a necrophage
  3488 | D:4      | Noticed Sigmund
  3509 | D:4      | Killed a necrophage
  3510 | D:4      | Reached XP level 5. HP: 33/45 MP: 4/6
  3702 | D:4      | Killed Sigmund
  3703 | D:4      | Reached XP level 6. HP: 27/51 MP: 3/8
  3930 | D:4      | Noticed an ice beast
  3940 | D:4      | Killed an ice beast
  3963 | D:4      | Found a stormy altar of Qazlal.
  4218 | D:5      | Entered Level 5 of the Dungeon
  4224 | D:5      | Your scales start taking on a pale cyan-grey colour.
  4224 | D:5      | Reached XP level 7. HP: 54/57 MP: 7/9
  4224 | D:5      | Gained mutation: You are immune to the effects of steam.
                  | [Pale Draconian growth]
  4257 | D:5      | Found Timah's Assorted Antiques.
  4457 | D:5      | Found Zin's Purification Station.
  4459 | D:5      | Found a glowing silver altar of Zin.
  5039 | D:6      | Reached skill level 5 in Dodging
  5042 | D:6      | Reached *** piety under Cheibriados
  5111 | D:6      | Reached skill level 5 in Invocations
  5111 | D:6      | Reached XP level 8. HP: 63/63 MP: 11/11
  5534 | D:6      | Identified the ring of Cafuogux {rC+ Will+ Str+6 Int+2}
  5822 | D:7      | Noticed Prince Ribbit
  5957 | D:7      | HP: 3/66 [orc warrior (7)]
  6098 | D:7      | Noticed Menkaure
  6117 | D:7      | Killed Menkaure
  6610 | D:7      | Noticed onlghost's ghost (novice GnFi)
  6705 | D:7      | Reached **** piety under Cheibriados
  6706 | D:7      | Reached skill level 5 in Fighting
  6713 | D:7      | Reached XP level 9. HP: 41/74 MP: 10/13
  7009 | D:7      | Found a runed translucent gate.
  7010 | D:7      | Found a runed translucent gate.
  7010 | D:7      | Found a runed translucent gate.
  7210 | D:7      | Killed Prince Ribbit
  7262 | D:7      | Found a shimmering altar of Xom.
  7265 | D:7      | Found a hazy altar of Hepliaklqana.
  7265 | D:7      | Found an opulent altar of Gozag.
  7267 | D:7      | Found a bloodstained altar of Trog.
  7267 | D:7      | Found a basalt altar of Yredelemnul.
  7267 | D:7      | Found a bloodstained altar of Trog.
  7929 | D:7      | Reached skill level 1 in Throwing
  8049 | D:7      | HP: 1/78 [yak (9)]
  8339 | D:7      | Reached ***** piety under Cheibriados
  8415 | D:8      | Found a hazy altar of Hepliaklqana.
  8463 | D:8      | Identified a scroll of acquirement
  8463 | D:8      | Acquired a scarf of shadows
  8500 | D:8      | Noticed a troll
  8523 | D:8      | Killed a troll
  8524 | D:8      | Reached XP level 10. HP: 84/84 MP: 14/16
  8585 | D:8      | Found a broken altar of Ashenzari.
  8585 | D:8      | Found an ornate altar of the Wu Jian Council.
  8922 | D:8      | Found a staircase to the Lair.
  9191 | D:9      | Noticed Maggie
  9263 | D:9      | Noticed Maurice
  9277 | D:9      | Killed Maurice
  9278 | D:9      | Reached skill level 1 in Spellcasting
  9278 | D:9      | Noticed Grum
  9345 | Lair:1   | Entered Level 1 of the Lair of Beasts
  9426 | Lair:1   | Noticed a cane toad
  9453 | Lair:1   | Killed a cane toad
  9487 | Lair:1   | Noticed a black mamba
  9508 | Lair:1   | Killed a black mamba
  9670 | Lair:1   | Reached skill level 10 in Unarmed Combat
 10100 | Lair:1   | Reached XP level 11. HP: 95/95 MP: 18/18
 10129 | Lair:1   | Reached skill level 10 in Invocations
 11115 | Lair:2   | Noticed a four-headed hydra
 11140 | Lair:2   | Killed a four-headed hydra
 11225 | Lair:2   | Reached skill level 10 in Fighting
 11292 | Lair:2   | Noticed Erica
 11310 | Lair:2   | Killed Erica
 12522 | Lair:3   | Identified the +5 great mace of Foheiqos {elec, Will- Int+5
                  | Dex+2}
 12560 | Lair:3   | Reached XP level 12. HP: 108/108 MP: 20/20
 12758 | Lair:3   | Found a staircase to the Swamp.
 14213 | Lair:4   | Found a hole to the Spider Nest.
 14497 | Lair:4   | Noticed a six-headed hydra
 14504 | Lair:4   | Killed a six-headed hydra
 15273 | Lair:4   | You fall into a shaft and drop 2 floors!
 15273 | Lair:6   | Entered Level 6 of the Lair of Beasts
 15284 | Lair:6   | Reached skill level 10 in Dodging
 15371 | Lair:6   | Found a frozen archway.
 15378 | IceCv    | Entered an ice cave
 15457 | IceCv    | Reached XP level 13. HP: 101/119 MP: 18/22
 16645 | IceCv    | Reached ****** piety under Cheibriados
 17575 | Lair:5   | Learned a level 1 spell: Animate Skeleton
 17670 | Lair:5   | Reached skill level 1 in Necromancy
 17698 | Lair:5   | Noticed Sonja
 17703 | Lair:5   | Killed Sonja
 17706 | Lair:5   | Reached XP level 14. HP: 81/133 MP: 11/24
 18750 | Lair:5   | Got the Guide on Ensnaring Weightlessness
 19318 | Lair:6   | Reached skill level 1 in Evocations
 19379 | Lair:6   | Learned a level 4 spell: Animate Dead
 19507 | Lair:6   | Found a staircase to the Slime Pits.
 19508 | Lair:6   | Found a viscous altar of Jiyva.
 20986 | D:9      | Killed Maggie
 20998 | D:9      | Killed Grum
 21069 | D:9      | Found a glowing golden altar of the Shining One.
 21132 | D:9      | Learned a level 1 spell: Apportation
 21166 | D:9      | Noticed Joseph
 21174 | D:9      | Killed Joseph
 21315 | D:10     | Entered Level 10 of the Dungeon
 21420 | D:10     | Reached skill level 1 in Translocations
 21523 | D:10     | Found a basalt altar of Yredelemnul.
 21570 | D:10     | Reached skill level 5 in Necromancy
 21593 | D:10     | Found a staircase to the Orcish Mines.
 21975 | D:10     | Identified the amulet "Bietid" {RegenMP *Corrode rN+ Dex+7}
 23703 | D:12     | Noticed a frost giant
 23891 | Swamp:1  | Entered Level 1 of the Swamp
 24459 | Swamp:1  | Reached XP level 15. HP: 133/139 MP: 19/26
 24594 | Swamp:1  | Found a runed translucent gate.
 24594 | Swamp:1  | Found a runed translucent gate.
 24595 | Swamp:1  | Found a runed translucent gate.
 24597 | Swamp:1  | Noticed azzazzello's ghost (adept GnWn)
 25151 | Swamp:2  | Reached skill level 15 in Invocations
 25233 | Swamp:2  | Noticed a thorn hunter
 25245 | Swamp:2  | Killed a thorn hunter
 25792 | Swamp:2  | Noticed a thorn hunter
 25809 | Swamp:2  | Killed a thorn hunter
 25810 | Swamp:2  | Reached skill level 15 in Unarmed Combat
 26160 | Swamp:2  | Noticed a thorn hunter
 26213 | Swamp:2  | Killed a thorn hunter
 26831 | Swamp:3  | Noticed a thorn hunter
 26880 | Swamp:3  | Killed a thorn hunter
 27274 | Swamp:3  | Noticed a fenstrider witch
 27282 | Swamp:3  | Killed a fenstrider witch
 27586 | Swamp:3  | Upgraded the game from 0.27.1-3-gb3d3a73c9e to
                  | 0.27.1-4-g1640c2035a
 27708 | Swamp:3  | HP: 3/139 [bunyip (12)]
 27709 | Swamp:3  | Killed from afar by a will-o-the-wisp

Illustrated notes

Levels and vault maps discovered:
D:1:      dpeg_arrival_water_fire, layout_basic, serial_shops, shop,
          hangedman_decor_riveting
D:2:      layout_basic, shapermc_ecumenical_altar_acropolis
D:3:      layout_rooms
D:4:      layout_loops_ring, overflow_temple_1_default,
          minmay_temple_entry_mini_moons, dk_vineyard_2, uniq_sigmund
D:5:      layout_rooms, zin_purify, serial_shops,
          nicolae_shop_temple_entry_statues_fountains
D:6:      layout_cave_pools, minmay_crystal_water
D:7:      layout_basic, doesnt_xom_only_xom, gammafunk_ghost_icy,
          minmay_misc_feat_doors, abandoned_shop, uniq_prince_ribbit1,
          uniq_menkaure
D:8:      layout_basic, nicolae_hepliaklqana_hazy_memory,
          gammafunk_temple_overflow_pools, erik_lair_island
D:9:      layout_roguey, old_standard_altar, uniq_joseph, uniq_maurice,
          uniq_grum, uniq_maggie
D:10:     layout_long_grid, mainiacjoe_overflow_alcove_2, david_orc_1_choice
D:11:     layout_cave_pools, serial_undead, serial_undead_c, serial_undead_c,
          serial_undead_f, serial_undead_c, serial_undead_a, serial_undead_a
D:12:     minmay_coctagon, layout_loops_cross, uniq_jorgrun, uniq_gastronok
Temple:   nicolae_temple_great_sept
Lair:1:   layout_roguey, chequers_serial_rivers_small_a, grunt_megastairs_1
Lair:2:   layout_roguey, uniq_erica
Lair:3:   layout_layer_cave, skrybe_swamp_entry_bodies
Lair:4:   layout_roguey, nicolae_spider_entry_tight_spaces, st_stairs_12,
          serial_bayou_lagoon_b, infiniplex_staircase_pool, grunt_megastairs_5
Lair:5:   layout_roguey, st_stairs_12, serial_bayou_shore_a, uniq_sonja
Lair:6:   evilmike_catoblepas_cave, layout_cave_pods, slime_altar_1,
          portal_ice_cave_entry_pillars_2
Swamp:1:  layout_basic_swamp, gammafunk_ghost_necromancy, serial_swamp_ruin,
          evilmike_swamp_ruin_rubble_2, evilmike_swamp_ruin_rubble_1
Swamp:2:  layout_basic_swamp, evilmike_swamp_ruin_house_1, swamp_pool3,
          statue_in_the_mist_lemuel
Swamp:3:  nicolae_swamp_husk_halls, layout_basic_swamp,
          evilmike_swamp_ruin_house_5, swamp_pool1

Skill      XL: |  1  2  3  4  5  6  7  8  9 10 11 12 13 14 15 |
---------------+----------------------------------------------+-----
Unarmed Combat | 4 5 6 7 8 9 10 11 12 13 14 15 | 15.2
Invocations    | 2 3 5 6 8 9 11 12 13 14 15 | 15.6
Dodging        | 3 4 5 6 7 8 9 10 11 12 | 12.8
Fighting       | 5 6 8 10 12 14 | 14.6
Throwing       | 1 2 |  2.0
Stealth        | 2 |  2.0
Spellcasting   | 2 3 |  3.3
Necromancy     | 2 5 |  5.0
Evocations     | 3 |  3.2
Translocations | 1 |  1.5

Action                   |  1- 3 |  4- 6 |  7- 9 | 10-12 | 13-15 || total
-------------------------+-------+-------+-------+-------+-------++-------
Melee: Unarmed           |   150 |    94 |   308 |   419 |   941 ||  1912
       Tailslap          |    18 |    22 |    86 |   138 |   291 ||   555
       Punch             |     3 |     7 |    18 |    34 |   111 ||   173
Throw: Dart              |       |     6 |    23 |   122 |   112 ||   263
 Cast: Animate Skeleton  |       |       |       |       |    12 ||    12
       Animate Dead      |       |       |       |       |    21 ||    21
Invok: Slouch            |       |       |       |     6 |     8 ||    14
       Bend Time         |       |       |       |     1 |       ||     1
 Abil: Breathe Steam     |       |       |     5 |       |       ||     5
Evoke: Wand              |       |       |       |       |    11 ||    11
  Use: Potion            |     1 |     1 |     3 |       |     1 ||     6
       Scroll            |       |     4 |    14 |     5 |     3 ||    26
 Stab: Sleeping          |     7 |     1 |     6 |     3 |    10 ||    27
       Distracted        |     1 |       |       |     2 |     2 ||     5
Armor: Skin              |    56 |    23 |   107 |    60 |   184 ||   430
Dodge: Dodged            |    77 |    44 |   282 |   337 |  1067 ||  1807
